 Dungeon Crawl Stone Soup version 0.20.0-10-g0535bb4 (webtiles) character file.

83 greprep the Gusty (level 4, -1/33 HPs)
             Began as a Draconian Air Elementalist on June 5, 2017.
             Slain by a hound (3 damage)
             ... on level 3 of the Dungeon.
             The game lasted 00:11:17 (3148 turns).

greprep the Gusty (Draconian Air Elementalist)      Turns: 3148, Time: 00:11:18

Health: -1/33      AC:  6    Str: 11    XL:     4   Next: 22%
Magic:  2/8        EV: 12    Int: 16    God:
Gold:   82         SH:  0    Dex: 11    Spells: 3/8 levels left

rFire    . . .     SeeInvis .   (no weapon)
rCold    . . .     Gourm    .   (no shield)
rNeg     . . .     Faith    .   (armour unavailable)
rPois    .         Spirit   .   (helmet restricted)
rElec    .         Reflect  .   (no cloak)
rCorr    .         Harm     .   (no gloves)
MR       .....                  s - +0 pair of boots (curse)
Stlth    ++........             (no amulet)
Regen    0.2/turn               (no ring)
MPRegen  0.2/turn               (no ring)

@: no status effects
A: unfitting armour, cold-blooded, AC +5
a: no special abilities


You were on level 3 of the Dungeon.
You were hungry.

You visited 1 branch of the dungeon, and saw 3 of its levels.

You collected 82 gold pieces.

Inventory:

Armour
 s - a cursed +0 pair of boots (worn)
Scrolls
 b - a scroll of remove curse {unknown}
 c - a scroll of immolation {unknown}
 e - a scroll of magic mapping {unknown}
 f - a scroll of blinking {unknown}
 g - a scroll of noise {unknown}
 j - 2 scrolls of recharging {unknown}
 n - a scroll of identify {unknown}
 p - a scroll of enchant armour {unknown}
 q - a scroll of teleportation {unknown}
Potions
 d - a potion of agility {unknown}
 h - a potion of might {unknown}
 i - 2 potions of lignification {unknown}
 k - a potion of brilliance {unknown}
 o - a potion of flight {unknown}
 r - a potion of cancellation {unknown}
Books
 a - a book of Air

   Spells                             Type                      Level
   a - Shock                          Conjuration/Air              1
   b - Swiftness                      Charms/Air                   2
   c - Static Discharge               Conjuration/Air              3
   d - Airstrike                      Air                          4
   e - Lightning Bolt                 Conjuration/Air              5


   Skills:
 + Level 2.0 Dodging
 + Level 2.2 Stealth
 + Level 2.7 Spellcasting
 + Level 1.5 Conjurations
 + Level 4.0 Air Magic


You had 3 spell levels left.
You knew the following spells:

 Your Spells              Type           Power        Failure   Level  Hunger
a - Shock                 Conj/Air       ##..         6%          1    #......
b - Airstrike             Air            ###.......   36%         4    #####..


Dungeon Overview and Level Annotations

Branches:
Dungeon (3/15)

Altars:
Ashenzari
Dithmenos

Annotations:
D:2 Natasha, Sigmund
D:3 vatarom's ghost, amateur VSSk


Innate Abilities, Weirdness & Mutations

Your plain brown scales are hard. (AC +5)
You cannot fit into any form of body armour.
You are cold-blooded and may be slowed by cold attacks.


Message History

The bat closely misses you.
An orc comes into view. It is wielding a short sword.
The bat misses you. The hound bites you.
* * * LOW HITPOINT WARNING * * *
Unknown command.
The bat barely misses you.
Found 17 stones.
A kobold comes into view.
The kobold shouts!
The bat barely misses you. The hound bites you but does no damage.
The bat hits you but does no damage. The hound closely misses you.
The kobold wields a blowgun.
The kobold shoots a poisoned needle.
The poisoned needle closely misses you.
The poisoned needle hits the hound!
The hound is poisoned.
The hound bites you but does no damage.
There is a stone staircase leading down here.
Unknown command.
The bat hits you.
* * * LOW HITPOINT WARNING * * *
The hound bites you.
You die...

..W......#......
...K..(..#......
.........#......
.........#......
#................
#.......o........
#.)..._..........
#.......@o.#
#########....b...hS#
#.....$.....%.####.#
#.............####.#
...............S...#
#.....##############
#.....# #######


You could see a hound, vatarom's ghost (wandering), an adder, 2 orcs, a bat and
a kobold.

Vanquished Creatures
  Natasha (D:2)
  A worm (D:2)
  A dart slug (D:3)
  3 leopard geckos
  2 giant cockroaches
  10 goblins
  6 hobgoblins
  3 jackals (D:1)
  6 kobolds
  A quokka (D:2)
  5 bats
  3 frilled lizards
  5 rats
47 creatures vanquished.

Notes
Turn   | Place    | Note
-------+----------+-------------------------------------------
     0 | D:1      | greprep the Draconian Air Elementalist began the quest for the Orb.
     0 | D:1      | Reached XP level 1. HP: 14/14 MP: 3/3
   285 | D:1      | Reached XP level 2. HP: 20/20 MP: 1/5
  1345 | D:2      | Reached XP level 3. HP: 19/26 MP: 0/6
  1529 | D:2      | Noticed Sigmund
  1881 | D:2      | Noticed Natasha
  1891 | D:2      | Killed Natasha
  1891 | D:2      | Reached skill level 4 in Air Magic
  2119 | D:2      | Noticed Natasha
  2130 | D:2      | Reached XP level 4. HP: 32/33 MP: 2/7
  2733 | D:2      | Found a shadowy altar of Dithmenos.
  2905 | D:1      | Learned a level 4 spell: Airstrike
  3130 | D:3      | Found a shattered altar of Ashenzari.
  3130 | D:3      | Noticed vatarom's ghost (amateur VSSk)
  3138 | D:3      | HP: 1/33 [hound (4)]
  3148 | D:3      | Slain by a hound

Skill      XL: |  1  2  3 |
---------------+----------+-----
Dodging        | 2 |  2.0
Stealth        | 2 |  2.2
Air Magic      | 4 |  4.0
Spellcasting   | |  2.7
Conjurations   | |  1.5

Action                   |  1- 3 |  4- 6 || total
-------------------------+-------+-------++-------
Melee: Unarmed           |     2 |     1 ||     3
 Cast: Shock             |    77 |    35 ||   112
       Airstrike         |       |     4 ||     4
  Use: Potion            |       |     1 ||     1
  Eat: Chunk             |     2 |       ||     2
       Bread ration      |     1 |       ||     1
       Royal jelly       |       |     1 ||     1
Armor: Skin              |    22 |    20 ||    42
Dodge: Dodged            |    58 |    57 ||   115
